 Dungeon Crawl Stone Soup version 0.16.1-4-g8e1b745 (webtiles) character file.

280 inmateoo the Caller (level 6, -3/44 HPs)
             Began as a Formicid Summoner on Mar 27, 2015.
             Slain by an orc wizard
             ... wielding a cursed +0 dagger
              (4 damage)
             ... on level 4 of the Dungeon.
             The game lasted 00:10:36 (3945 turns).

inmateoo the Caller (Formicid Summoner)             Turns: 3945, Time: 00:10:36

Health: -3/44      AC:  8    Str: 12    XL:     6   Next: 52%
Magic:  13/15      EV: 12    Int: 16    God:
Gold:   132        SH:  0    Dex: 12    Spells: 3 memorised, 5 levels left

rFire  . . .     SeeInvis +     m - +0 quarterstaff
rCold  + . .     Clarity  .     v - +3 leather armour {rC+}
rNeg   . . .     SustAb   .     (no shield)
rPois  .         Gourm    .     (helmet unavailable)
rElec  .         Spirit   .     (no cloak)
rCorr  .         Warding  .     p - +1 pair of gloves
rMut   .         Stasis   +     (no boots)
MR     .....                    (no amulet)
Stlth  ++........               (no ring)
                                d - ring of teleportation (curse)

@: not resistant to hostile enchantments, unstealthy
A: permanent stasis, dig shafts and tunnels, four strong arms, antennae 3
a: Dig, Shaft Self, Evoke Teleportation


You were on level 4 of the Dungeon.
You were near starving.

You visited 1 branch of the dungeon, and saw 4 of its levels.

You collected 132 gold pieces.

Inventory:

Hand weapons
 m - a +0 quarterstaff (weapon)
Armour
 p - a +1 pair of gloves (worn)
 v - a +3 leather armour of cold resistance (worn)
Jewellery
 d - a cursed ring of teleportation (left hand)
Scrolls
 g - a scroll of magic mapping
Potions
 e - a potion of degeneration {unknown}
 f - a potion of curing
 i - a potion of restore abilities {unknown}
 j - a potion of brilliance {unknown}
 k - 2 potions of mutation {unknown}
 n - a potion of might {unknown}
 q - a potion of cancellation {unknown}
Books
 b - a book of Callings

   Spells                             Type                      Level
   a - Summon Small Mammal            Summoning                    1
   b - Call Imp                       Summoning                    2
   c - Call Canine Familiar           Summoning                    3
   d - Summon Guardian Golem          Hexes/Summoning              4
   e - Summon Lightning Spire         Summoning/Air                4
   f - Summon Ice Beast               Ice/Summoning                4
Comestibles
 c - 3 bread rations
 h - 2 meat rations
 l - 2 beef jerkies
 o - a royal jelly
 r - 2 slices of pizza
 s - 8 fruits


   Skills:
 - Level 2.0 Fighting
 - Level 1.5 Armour
 - Level 2.3 Dodging
 - Level 3.1 Stealth
 - Level 1.8 Unarmed Combat
 + Level 3.2 Spellcasting
 * Level 5.3 Summonings


You had 5 spell levels left.
You knew the following spells:

 Your Spells              Type           Power        Failure   Level  Hunger
a - Summon Small Mammal   Summ           ###.         2%          1    None
b - Call Imp              Summ           ###.....     4%          2    ##.....
c - Call Canine Familiar  Summ           ###.....     10%         3    ###....


Dungeon Overview and Level Annotations

Branches:
Dungeon (4/15)
 Temple: D:4-7

Altars:
Fedhas
Makhleb
Sif Muna
Trog
Zin


Innate Abilities, Weirdness & Mutations

You are under a permanent stasis effect.
You can dig through walls and to a lower floor.
Your four strong arms can wield two-handed weapons with a shield.
You have a pair of large antennae on your head (SInv).


Message History

The orc priest hits you with a hand axe.
* * * LOW HITPOINT WARNING * * *
The orc hits you but does no damage.
Your white imp gestures at the orc.
The puff of frost hits the orc.
The orc appears unharmed.
The orc wizard closely misses you. The orc misses you.
Drink which item? (? for menu, Esc to quit)
Okay, then.
Use which ability? (? or * to list) Are you sure you want to shaft yourself?
You are near starving!
Your hound seems less confused.
The hobgoblin hits you but does no damage.
The orc hits you but does no damage.
Your white imp gestures at the orc.
The puff of frost hits the orc.
The orc priest hits you with a hand axe.
* * * LOW HITPOINT WARNING * * *
The orc wizard hits you with a dagger.
You die...

. ###### ########..
.....#########.....#...
)............'........>
......########.....#..
......# #%h5o.# [.)...#
#..@g.# ......#
#.ooo.....# ......#
#(....o#### .....)#
#.......? #####)#
########## #.# #.# #{#
#[#


You could see an orc priest, an orc wizard, 3 orcs, a hobgoblin, a friendly
hound and a friendly white imp.

Vanquished Creatures
  A crimson imp (D:4)
  An adder (D:2)
  A worm (D:3)
  An adder skeleton (D:4)
  A giant cockroach (D:2)
  7 goblins
  7 hobgoblins
  9 kobolds
  2 quokkas
  2 ball pythons (D:1)
  6 bats
  3 giant newts
  4 rats
45 creatures vanquished.

Vanquished Creatures (collateral kills)
  Eustachio (D:4)
  A necrophage (D:3)
  A crimson imp (D:4)
  Jessica (D:2)
  4 adders
  2 river rats (D:4)
  2 worms (D:2)
  4 oozes
  5 orcs (D:4)
  A giant cockroach (D:1)
  4 goblins
  6 hobgoblins
  4 jackals
  6 kobolds
  3 quokkas
  7 bats
  3 giant newts
  A rat (D:3)
56 creatures vanquished.

Vanquished Creatures (others)
  5 hounds
  A quokka (D:1)
  3 bats (D:1)
  6 rats
15 creatures vanquished.

Grand Total: 116 creatures vanquished

Notes
Turn   | Place    | Note
--------------------------------------------------------------
     0 | D:1      | inmateoo, the Formicid Summoner, began the quest for the Orb.
     0 | D:1      | Reached XP level 1. HP: 13/13 MP: 3/3
   399 | D:1      | Reached XP level 2. HP: 15/20 MP: 1/5
   774 | D:1      | Reached skill level 1 in Armour
   853 | D:1      | Learned a level 2 spell: Call Imp
  1352 | D:2      | Reached XP level 3. HP: 18/25 MP: 7/7
  1357 | D:2      | Learned a level 3 spell: Call Canine Familiar
  1422 | D:2      | Reached skill level 1 in Fighting
  1422 | D:2      | Reached skill level 1 in Unarmed Combat
  1852 | D:2      | Noticed Jessica
  1853 | D:2      | Found a burning altar of Makhleb.
  1856 | D:2      | Noticed a green death
  1884 | D:2      | Killed Jessica
  1948 | D:2      | Found a glowing silver altar of Zin.
  1949 | D:2      | Noticed an angel
  1999 | D:2      | Reached XP level 4. HP: 22/32 MP: 2/8
  2931 | D:2      | Found a deep blue altar of Sif Muna.
  3036 | D:3      | Reached XP level 5. HP: 31/38 MP: 6/11
  3119 | D:3      | Noticed a necrophage
  3130 | D:3      | Killed a necrophage
  3226 | D:3      | Found a blossoming altar of Fedhas.
  3562 | D:4      | Reached XP level 6. HP: 44/44 MP: 13/13
  3730 | D:4      | Found a bloodstained altar of Trog.
  3739 | D:4      | Noticed Eustachio
  3787 | D:4      | Killed Eustachio
  3787 | D:4      | Reached skill level 5 in Summonings
  3945 | D:4      | HP: 1/44 [orc priest/hand axe (5)]
  3945 | D:4      | Slain by an orc wizard

Action                   |  1- 3 |  4- 6 || total
-------------------------+-------+-------++-------
Melee: Unarmed           |    52 |    43 ||    95
       Quarterstaff      |       |   116 ||   116
 Cast: Summon Small Mamm |    32 |       ||    32
       Call Canine Famil |     6 |    19 ||    25
       Call Imp          |     1 |     7 ||     8
 Abil: Shaft Self        |       |     1 ||     1
  Use: Scroll            |     3 |     3 ||     6
       Potion            |       |     2 ||     2
 Stab: Sleeping          |     1 |     4 ||     5
  Eat: Chunk             |     5 |     8 ||    13
